 Dungeon Crawl Stone Soup version 0.32-a0-875-g23b751d0ae (webtiles) character file.

Game seed: 3141380678620845667

49 Stonecrops the Shield-Bearer (level 4, -4/37 HPs)
             Began as a Formicid Fighter on Mar 31, 2024.
             Slain by a gnoll
             ... wielding a +0 flail
              (8 damage)
             ... on level 3 of the Dungeon.
             The game lasted 00:01:02 (1314 turns).

Stonecrops the Shield-Bearer (Formicid Fighter)     Turns: 1314, Time: 00:01:02

Health: -4/37      AC:  7    Str: 22    XL:     4   Next: 1%
Magic:  4/4        EV:  8    Int:  8    God:
Gold:   79         SH:  5    Dex: 13    Spells: 3/3 levels left

rFire   . . .        a - +0 war axe
rCold   . . .        c - +0 buckler
rNeg    . . .        b - +0 scale mail
rPois   .            (helmet unavailable)
rElec   .            (no cloak)
rCorr   .            (no gloves)
SInv    +            (no boots)
Will    .....        (no amulet) Stlth
                     (no ring)
HPRegen 0.26/turn    (no ring)
MPRegen 0.09/turn

%: no passive effects
@: no status effects
A: permanent stasis, dig shafts and tunnels, antennae 3, four strong arms
a: Dig, Shaft Self


You were on level 3 of the Dungeon.
You visited 1 branch of the dungeon, and saw 3 of its levels.

You collected 79 gold pieces.

Inventory:

Hand Weapons
 a - a +0 war axe (weapon)
Armour
 b - a +0 scale mail (worn)
 c - a +0 buckler (worn)
Scrolls
 e - 3 scrolls of identify
 f - a scroll of immolation {unknown}
 g - 2 scrolls of revelation
 h - a scroll of blinking {unknown}
 i - a scroll of vulnerability {unknown}
 j - a scroll of poison {unknown}
 k - a scroll of teleportation {unknown}
Potions
 d - a potion of might


   Skills:
 + Level 3.8 Fighting
 + Level 2.5 Axes
 + Level 3.7 Armour
 + Level 4.6 Shields


You had 3 spell levels left.
You didn't know any spells.
Your spell library was empty.

Dungeon Overview and Level Annotations

Branches:
Dungeon (3/15)

Altars:


Innate Abilities, Weirdness & Mutations

You cannot be hasted, slowed, berserked, paralysed or teleported.
You can dig through walls and to a lower floor.
You have a pair of large antennae on your head. (SInv)
Your four strong arms can wield two-handed weapons with a shield.


Message History

Unknown command.
You closely miss the gnoll. The gnoll hits you with a +0 flail.
You closely miss the gnoll. The gnoll misses you.
A gnoll comes into view. It is wielding a +0 club.
There are monsters nearby!
There are monsters nearby!
The gnoll shouts!
You hit the gnoll.
The gnoll is moderately wounded.
The gnoll completely misses you. The gnoll hits you but does no damage.
There are monsters nearby!
You slash the gnoll!
The gnoll is almost dead.
You hit the gnoll but do no damage. You closely miss the gnoll.
The gnoll hits you with a +0 flail! The gnoll hits you with a +0 whip.
The gnoll closely misses you.
Unknown command.
You are too injured to fight recklessly!
Unknown command.
You are too injured to fight recklessly!
Unknown command.
You are too injured to fight recklessly!
Unknown command.
Unknown command.
You hit the gnoll.
The gnoll is lightly wounded.
You barely miss the gnoll. You hit the gnoll. You block the gnoll's attack.
The gnoll hits you with a +0 whip. The gnoll closely misses you.
The gnoll hits you with a +0 whip.
* * * LOW HITPOINT WARNING * * *
The gnoll hits you with a +0 flail.
* * * LOW HITPOINT WARNING * * *
The gnoll hits you with a +0 whip.
* * * LOW HITPOINT WARNING * * *
Found a scroll labelled NIRIYPS LOPHU.
You slash the gnoll!
You kill the gnoll!
You closely miss the gnoll. You hit the gnoll but do no damage.
The gnoll hits you with a +0 flail!
You die...

## ##. ##..#
#.... #..#####
# #.....<# ?.
.####.#..###.#
......ggg....#
##.....)@....#
#...........#
#.......#+#..$.
####++### ...#
... .#


You could see 3 gnolls.

Vanquished Creatures
  A gnoll (D:3)
  An adder (D:2)
  2 dart slugs
  4 bats
  4 endoplasms (D:1)
  A giant cockroach (D:2)
  4 goblins
  2 hobgoblins
  2 quokkas
  A ball python (D:1)
  10 frilled lizards
  2 kobolds
  A rat (D:1)
35 creatures vanquished.

Notes
Turn   | Place    | Note
-------+----------+-------------------------------------------
     0 | D:1      | Stonecrops the Formicid Fighter began the quest for the
                  | Orb.
     0 | D:1      | Reached XP level 1. HP: 18/18 MP: 1/1
   100 | D:1      | Reached XP level 2. HP: 19/24 MP: 2/2
   684 | D:1      | Reached XP level 3. HP: 26/29 MP: 3/3
  1181 | D:2      | Reached XP level 4. HP: 37/37 MP: 4/4
  1314 | D:3      | Slain by a gnoll

Illustrated notes

Levels and vault maps discovered:
D:1:      amcnicky_arrival_double_pillar, layout_basic, minmay_lizard_king
D:2:      layout_basic, kennysheep_generic_room_16
D:3:      layout_basic, marbit_many_paths, gammafunk_temple_overflow_claw,
          serial_shops, nicolae_shop_window_shopping, interstate_on_off,
          kennysheep_generic_room_12

Action                     |  1- 3 |  4- 6 || total
---------------------------+-------+-------++-------
  Melee: War axe           |   111 |     6 ||   117
    Use: Scroll            |       |     1 ||     1
 Armour: Scale mail        |    87 |     9 ||    96
  Dodge: Dodged            |    61 |     4 ||    65
  Block: Buckler           |    27 |     1 ||    28

Table legend: (Time is in decaauts)
 A = Elapsed time spent in this place.
 B = Non-inter-level travel time spent in this place.
 C = Inter-level travel time spent in this place.
 D = Time resting spent in this place.
 E = Time spent auto-exploring this place.
 F = Levels seen in this place.
 G = Mean time per level.
                   A        B        C        D        E       F      G
               +--------+--------+--------+--------+--------+-----+--------+
         Total |   1360 |   1316 |     44 |      0 |   1036 |   3 |  453.3 |
       Dungeon |   1360 |   1316 |     44 |      0 |   1036 |   3 |  453.3 |
               +--------+--------+--------+--------+--------+-----+--------+

Top non-repeatable levels by time:
     D:1: 794 daAuts
     D:2: 553 daAuts
     D:3: 11 daAuts
